 Dungeon Crawl Stone Soup version 0.18.1-5-g4a78601 (webtiles) character file.

14420 ololoev the Basher (level 11, -14/87 HPs)
             Began as a Demonspawn Artificer on May 12, 2016.
             Was a Priest of Yredelemnul.
             Killed from afar by a yak (40 damage)
             ... with an exploding inner flame
             ... hexed by the player character
             ... in an ice cave.
             The game lasted 00:59:06 (22827 turns).

ololoev the Basher (Demonspawn Artificer)          Turns: 22827, Time: 00:59:07

Health: -14/87     AC: 22    Str: 19    XL:     11   Next: 88%
Magic:  0/18       EV:  6    Int: 14    God:    Yredelemnul [***...]
Gold:   209        SH:  0    Dex: 11    Spells: 1 memorised, 7 levels left

rFire  . . .     SeeInvis .     a - +0 mace (protect)
rCold  . . .     Gourm    .     p - +1 plate armour
rNeg   . . .     Faith    .     (no shield)
rPois  +         Spirit   +     o - +1 hat {Spirit}
rElec  .         Dismiss  .     (no cloak)
rCorr  +         Reflect  .     t - +0 pair of gloves
SustAt .         Harm     .     (no boots)
MR     .....                    (no amulet)
Stlth  ..........               y - ring of resist corrosion
                                b - ring of poison resistance

@: not resistant to hostile enchantments, extremely unstealthy
A: hooves 1, molten scales 1, agile 1, magic shield, magic regeneration, magic
link
a: Recall Undead Slaves, Injury Mirror, Animate Dead, Renounce Religion


Innate Abilities, Weirdness & Mutations

You have large cloven feet.
You are partially covered in molten scales (AC +1).
When hurt, damage is shared between your health and your magic reserves.
You regenerate magic rapidly.
When low on magic, you restore magic in place of health.
You are agile. (Dex +2)

Inventory:

Hand Weapons
 a - a +0 mace of protection (weapon)
 A - a +1 morningstar
Armour
 o - a +1 hat of spirit shield (worn)
 p - a +1 plate armour (worn)
 t - a +0 pair of gloves (worn)
Jewellery
 b - a ring of poison resistance (left hand)
 y - a ring of resist corrosion (right hand)
Wands
 m - a wand of random effects (2/48)
 q - a wand of teleportation (4/9)
 D - a wand of slowing (23/48)
Scrolls
 d - 2 scrolls of recharging
 g - a scroll of vulnerability {unknown}
 h - 7 scrolls of enchant armour
 i - 6 scrolls of remove curse
 l - a scroll of magic mapping
 n - 2 scrolls of teleportation
 v - 2 scrolls of amnesia
 C - 2 scrolls of enchant weapon
Potions
 c - a potion of mutation {unknown}
 j - 2 potions of curing
 k - a potion of cure mutation
 r - 3 potions of flight
 u - a potion of resistance
 w - a potion of beneficial mutation {unknown}
 z - a potion of cancellation {unknown}
 B - 5 potions of haste
 E - 2 potions of berserk rage {unknown}
 F - 2 potions of ambrosia {unknown}
Comestibles
 f - 9 bread rations
 s - 5 slices of pizza
 x - 2 beef jerkies


   Skills:
 + Level 8.6 Fighting
   Level 0.8(1.0) Short Blades
   Level 0.5(0.8) Long Blades
   Level 0.1(7.0) Axes
 * Level 11.0 Maces & Flails
 + Level 7.7 Armour
 - Level 1.7 Dodging
 - Level 0.8 Stealth
 + Level 10.5 Invocations
 - Level 5.3 Evocations


You had 7 spell levels left. You knew the following spells: Your Spells Type Power Failure Level Hunger a - Regeneration Chrm/Necr #......... 100% 3 ####... You were in an ice cave. You worshipped Yredelemnul. Yredelemnul was most pleased with you. You were near starving. You visited 2 branches of the dungeon, and saw 13 of its levels. You also visited: Ice Cave. You collected 769 gold pieces. You spent 182 gold pieces at shops. ##Z##*≈≈≈###≈≈≈≈≈≈≈ #Z## **###.#**≈≈≈≈≈ #.## #...####*≈≈≈ ##.# ##..#.#.#*≈≈≈ #§### #.#.##..##*≈≈ #§Y§###.####...#**≈ #§§###.#######.##*≈ #§Y#≈#.#..#≈≈#..#*≈ ##@#≈#..!.#≈≈##.##* #..###!.(#≈≈*#..#* *##.###.⌠.#***##.## *≈#..##..(#### #..# *≈##.##......# ##.# *≈≈#.###...#.###..# *≈≈##.###..#..#.... *≈##..# #####.#.### *##...# **≈#.##...

Notes
Turn   | Place    | Note
--------------------------------------------------------------
     0 | D:1      | ololoev the Demonspawn Artificer began the quest for the Orb.
     0 | D:1      | Reached XP level 1. HP: 15/15 MP: 3/3
   167 | D:1      | Reached skill level 1 in Armour
   288 | D:1      | Gained mutation: When hurt, damage is shared between your health and your magic reserves. [demonic ancestry]
   288 | D:1      | Reached XP level 2. HP: 16/21 MP: 4/4
  1445 | D:2      | Gained mutation: You regenerate magic rapidly. [demonic ancestry]
  1445 | D:2      | Reached XP level 3. HP: 26/27 MP: 5/5
  2327 | D:3      | Noticed epen's ghost (novice TeAK)
  2701 | D:3      | Reached XP level 4. HP: 32/33 MP: 6/6
  2858 | D:3      | Reached skill level 1 in Maces & Flails
  3826 | D:4      | Gained mutation: You have large cloven feet. [demonic ancestry]
  3826 | D:4      | Reached XP level 5. HP: 35/38 MP: 7/7
  3976 | D:4      | Noticed an ogre
  3983 | D:4      | Killed an ogre
  3983 | D:4      | Reached skill level 2 in Maces & Flails
  4209 | D:4      | Found a shadowy altar of Dithmenos.
  4259 | D:4      | Reached XP level 6. HP: 46/46 MP: 8/8
  4343 | D:4      | Found a bloodstained altar of Trog.
  4607 | D:5      | Entered Level 5 of the Dungeon
  4638 | D:5      | Reached skill level 3 in Maces & Flails
  5079 | D:5      | Found Iluo's Distillery.
  5086 | D:5      | Bought a potion of curing for 39 gold pieces
  5086 | D:5      | Bought a potion of degeneration for 13 gold pieces
  5086 | D:5      | Bought a potion of haste for 130 gold pieces
  5160 | D:5      | Found a deep blue altar of Sif Muna.
  5267 | D:5      | Reached skill level 4 in Maces & Flails
  5267 | D:5      | Gained mutation: When low on magic, you restore magic in place of health. [demonic ancestry]
  5267 | D:5      | Reached XP level 7. HP: 24/52 MP: 3/9
  5810 | D:5      | Found a radiant altar of Vehumet.
  6198 | D:6      | Found a shadowy altar of Dithmenos.
  6359 | D:6      | Found an oddly glowing altar of Pakellas.
  6760 | D:6      | Found a blossoming altar of Fedhas.
  7544 | D:6      | Reached skill level 5 in Maces & Flails
  7578 | D:7      | Reached XP level 8. HP: 15/60 MP: 3/11
  7981 | D:7      | Reached skill level 5 in Evocations
  8210 | D:7      | Found a snail-covered altar of Cheibriados.
  8210 | D:7      | Found a basalt altar of Yredelemnul.
  8214 | D:7      | Became a worshipper of Yredelemnul the Dark
  8323 | D:6      | Reached skill level 1 in Invocations
  9168 | D:6      | Reached * piety under Yredelemnul
  9595 | D:7      | Learned a level 3 spell: Regeneration
  9668 | D:7      | Reached skill level 6 in Maces & Flails
 10028 | D:7      | Found a staircase to the Ecumenical Temple.
 10058 | D:7      | Reached skill level 5 in Fighting
 10058 | D:7      | Gained mutation: You are partially covered in molten scales (AC +1). [demonic ancestry]
 10058 | D:7      | Reached XP level 9. HP: 38/68 MP: 4/12
 10614 | D:8      | Reached skill level 5 in Invocations
 10916 | D:8      | Noticed a wind drake
 11111 | D:8      | Noticed a hill giant
 11537 | D:8      | Found a shattered altar of Ashenzari.
 11571 | D:8      | Reached skill level 5 in Armour
 11665 | D:8      | Reached skill level 7 in Maces & Flails
 13556 | D:10     | Entered Level 10 of the Dungeon
 13557 | D:10     | Drew Focus: Str increased to 16, Dex decreased to 12
 13580 | D:10     | Reached skill level 8 in Maces & Flails
 13580 | D:10     | Reached XP level 10. HP: 60/76 MP: 12/15
 13673 | D:10     | Hired Vuh Souh the merfolk for 241 gold.
 13960 | D:10     | Noticed a hill giant
 13967 | D:10     | Killed a hill giant
 14142 | D:10     | Reached ** piety under Yredelemnul
 14263 | D:10     | Noticed a hill giant
 14270 | D:10     | Killed a hill giant
 14812 | D:10     | Noticed a hill giant
 14823 | D:10     | Killed a hill giant
 15030 | D:10     | Reached skill level 9 in Maces & Flails
 15658 | D:11     | Noticed Efruimi
 15780 | D:11     | Gained mutation: You possess an exceptional clarity of mind. [helix card]
 15781 | D:11     | Gained mutation: You are agile. (Dex +2) [helix card]
 15787 | D:11     | Killed Efruimi the deep elf mage
 16585 | D:11     | Lost mutation: You possess an exceptional clarity of mind. [helix card]
 16586 | D:11     | Drew Focus: Str increased to 17, Dex decreased to 11
 16587 | D:11     | Drew Focus: Str increased to 18, Dex decreased to 10
 16588 | D:11     | Noticed Vuyhunao
 16638 | D:10     | Drew Focus: Str increased to 19, Dex decreased to 9
 16644 | D:10     | Hired Jeykluta the tengu for 125 gold.
 17478 | D:11     | Found a staircase to the Lair.
 17856 | D:11     | Found a white marble altar of Elyvilon.
 17860 | D:11     | Reached XP level 11. HP: 84/84 MP: 17/17
 18018 | D:11     | Found a runed door.
 18031 | D:11     | Your ally Jeykluta died
 18279 | D:11     | Noticed a purple ugly thing
 18305 | D:11     | Killed a purple ugly thing
 18318 | Lair:1   | Entered Level 1 of the Lair of Beasts
 18792 | Lair:1   | Noticed an oklob plant
 18808 | Lair:1   | Reached skill level 10 in Maces & Flails
 18813 | Lair:1   | Noticed an oklob plant
 20000 | Lair:1   | Noticed Gastronok
 20016 | Lair:1   | Killed Gastronok
 20389 | Lair:2   | Found a frozen archway.
 20722 | Lair:2   | Noticed Fannar
 20817 | IceCv    | Entered an ice cave
 20876 | IceCv    | Reached skill level 10 in Invocations
 22006 | IceCv    | Reached *** piety under Yredelemnul
 22778 | IceCv    | Noticed a death yak
 22818 | IceCv    | Reached skill level 11 in Maces & Flails
 22819 | IceCv    | Noticed a death yak
 22827 | IceCv    | Killed from afar by a yak

Dungeon Overview and Level Annotations

Branches:
Dungeon (11/15)            Temple (0/1) D:7            Lair (2/8) D:11
    Orc: D:9-12

Altars:
Ashenzari
Cheibriados
Dithmenos
Elyvilon
Fedhas
Pakellas
Sif Muna
Trog
Vehumet
Yredelemnul

Shops:
D:5 !

Annotations:
D:3 epen's ghost, novice TeAK
D:11 1 runed door
Lair:1 exclusion: 2 oklob plants
Lair:2 Fannar


Message History

You feel slightly more hungry.
The death yak gores you but does no damage.
Unknown command.
You hit the death yak.
The death yak is lightly wounded.
The death yak gores you!
Your yak zombie gores the death yak.
The yak gores your yak zombie!!
A wolf comes into view.
Unknown command.
You are near starving!
The death yak gores your yak zombie!
Your yak zombie gores the death yak but does no damage.
The yak gores your yak zombie! The death yak gores your yak zombie!!
Your yak zombie is destroyed!
Your yak zombie gores the death yak but does no damage.
Evoke which item? (* to show all) (? for menu, Esc to quit)
Okay, then.
Read which item? (? for menu, Esc to quit)
As you read the scroll labeled LYEMNE TIUVVACOA, it crumbles to dust.
It is a scroll of recharging.
Charge which item? (? for menu, Esc to quit)
Your wand of teleportation (2/9) glows for a moment and now has 4 charges.
The death yak snorts and paws the ground.
Your yak zombie barely misses the death yak.
The death yak gores your yak zombie.
Read which item? (? for menu, Esc to quit)
As you read the scroll labeled MEKLOI RAUPEBLERO, it crumbles to dust.
You feel aware of your surroundings.
You sensed 1 shop/portal.
It was a scroll of magic mapping.
The yak gores your yak zombie! The death yak gores your yak zombie!
Read which item? (? for menu, Esc to quit)
As you read the scroll labeled DYWIEF QEAMUY, it crumbles to dust.
It is a scroll of amnesia.
Forget which spell ([?*] list [ESC] exit)?
Forget which spell ([?*] list [ESC] exit)?
Okay, then.
Your yak zombie gores the death yak but does no damage.
The death yak gores your yak zombie.
Unknown command.
Read which item? (? for menu, Esc to quit)
As you read the scroll labeled JEUDIO ORIME, it crumbles to dust.
It is a scroll of enchant weapon.
Enchant which weapon? (? for menu, Esc to quit)
Your +0 morningstar glows red for a moment.
The death yak gores you!
Your yak zombie gores the death yak but does no damage.
The death yak gores your yak zombie!!
You hear a bellow!
A yak comes into view.
Read which item? (? for menu, Esc to quit)
As you read the scroll labeled XUKHLU HI POOSHRO, it crumbles to dust.
The creatures around you are filled with an inner flame!
It was a scroll of immolation.
The death yak barely misses you.
Your yak zombie gores the death yak.
The yak gores you. The death yak gores your yak zombie!
Your yak zombie explodes!
The fiery explosion engulfs the wolf.
The wolf explodes!
The fiery explosion engulfs the yak.
The yak is severely wounded.
The fiery explosion engulfs the yak.
The yak is almost dead.
The fiery explosion engulfs the death yak.
The death yak is lightly wounded.
The fiery explosion engulfs the death yak.
The death yak is heavily wounded.
Yredelemnul accepts your kill.
The fiery explosion engulfs the yak.
The yak explodes!
The fiery explosion engulfs the death yak.
The death yak is severely wounded.
Yredelemnul accepts your kill.
The fiery explosion engulfs the yak.
The yak explodes!
The fiery explosion engulfs the death yak.
The death yak is severely wounded.
The fiery explosion engulfs you!
You die...
Your body rises from the dead as a mindless zombie.

You could see 2 death yaks.

Vanquished Creatures
  Gastronok (Lair:1)
  An ugly thing (D:11)
  A deep elf mage (D:11)
  A manticore (D:11)
  A black mamba (Lair:1)
  2 komodo dragons (Lair:1)
  A troll (D:11)
  A merfolk (D:11)
  3 polar bears (IceCv)
  A wyvern (D:7)
  A vampire (D:10)
  A wraith (D:11)
  A shadow (D:11)
  11 yaks
  A basilisk (Lair:2)
  A hippogriff (D:8)
  3 water moccasins
  2 orc warriors
  A sky beast (D:6)
  A black bear (D:7)
  An ice beast (D:7)
  4 ogres
  4 wolves (IceCv)
  4 centaurs
  2 crocodiles
  6 giant frogs
  A scorpion (D:4)
  14 killer bees
  5 howler monkeys
  3 crimson imps
  A centaur zombie (D:5)
  2 gnoll shamans
  3 hounds
  3 jellies
  A giant frog skeleton (D:8)
  5 orc priests
  2 centaur skeletons
  An iguana (Lair:1)
  2 orc wizards
  5 worker ants
  A worker ant zombie (D:9)
  A howler monkey skeleton (D:9)
  26 gnolls
  6 river rats (Lair:1)
  4 adders
  A shadow imp (D:8)
  6 white imps
  2 adder skeletons
  2 worms (D:2)
  A dart slug (D:3)
  3 giant geckos
  24 orcs
  3 giant cockroaches
  2 hobgoblins
  23 jackals
  3 quokkas
  2 ball pythons (D:3)
  18 bats
  2 giant gecko skeletons (D:8)
  3 giant newts
  13 goblins
  7 kobolds
  7 rats
265 creatures vanquished.

Vanquished Creatures (collateral kills)
  3 hill giants (D:10)
  An ice statue (IceCv)
  A spiny frog (Lair:1)
  2 komodo dragons (Lair:1)
  A yaktaur (shapeshifter) (D:10)
  A troll (D:10)
  4 polar bears (IceCv)
  6 yaks
  A wyvern (D:11)
  3 fire bats (D:11)
  A hippogriff (D:11)
  A soldier ant (D:10)
  An ice beast (D:10)
  An orc warrior (D:10)
  4 ogres
  5 wolves (IceCv)
  4 crocodiles (Lair:1)
  4 giant frogs
  8 killer bees (D:10)
  A howler monkey (D:10)
  A crimson imp (D:10)
  A hound (D:11)
  2 orc wizards (D:5)
  An iguana (D:9)
  A worker ant (D:9)
  A hound skeleton (D:10)
  2 gnolls (D:6)
  An adder (D:10)
  A river rat (Lair:1)
  A shadow imp (D:10)
  6 white imps (Lair:1)
  A dart slug (D:1)
  7 orcs
  3 bats (D:11)
  2 goblins (D:3)
  A kobold (D:1)
  A quokka (D:3)
  A ball python (D:3)
  A quokka skeleton (D:5)
  2 rats (D:3)
90 creatures vanquished.

Vanquished Creatures (others)
  A tengu (D:11)
  2 polar bears (IceCv)
  A hill giant zombie (D:10)
  9 wolves (IceCv)
  A water moccasin zombie (D:7)
  5 polar bear zombies (IceCv)
  5 yak zombies (IceCv)
  A polar bear skeleton (IceCv)
  A troll skeleton (D:10)
  6 wolf zombies (IceCv)
  A giant frog zombie (Lair:1)
  A killer bee zombie (D:10)
  A howler monkey zombie (D:10)
  A howler monkey skeleton (D:8)
  An adder zombie (D:8)
  A jackal (D:1)
  4 orc zombies
  2 river rat zombies (Lair:1)
  A bush (D:6)
  11 plants (D:6)
56 creatures vanquished.

Grand Total: 411 creatures vanquished

Action                   |  1- 3 |  4- 6 |  7- 9 | 10-12 || total
-------------------------+-------+-------+-------+-------++-------
Melee: Short sword       |   282 |    58 |       |       ||   340
       Morningstar       |       |     7 |     9 |       ||    16
       Mace              |       |    92 |  1077 |   763 ||  1932
       Kick              |       |    27 |   278 |   264 ||   569
Invok: Animate Remains   |       |       |    12 |    31 ||    43
       Recall Undead Sla |       |       |       |     1 ||     1
       Animate Dead      |       |       |       |     7 ||     7
       Injury Mirror     |       |       |       |     1 ||     1
Evoke: Wand              |    11 |    35 |    15 |    17 ||    78
       Deck              |       |       |     1 |    12 ||    13
  Use: Scroll            |       |     6 |     3 |    10 ||    19
       Potion            |       |       |     4 |     6 ||    10
 Stab: Distracted        |       |       |     5 |    11 ||    16
       Paralysed         |       |       |       |     2 ||     2
  Eat: Chunk             |     5 |     9 |    18 |     2 ||    34
       Fruit             |       |       |     7 |       ||     7
       Meat ration       |       |       |     1 |     6 ||     7
Armor: Leather armour    |    43 |       |       |       ||    43
       Plate armour      |   231 |   160 |  1299 |   705 ||  2395
Dodge: Dodged            |   119 |    43 |   335 |   261 ||   758

Vault maps used:
D:1:      onia_arrival_mini_spirals
D:2:      first_bread
D:4:      lightli_temple_of_fire, nicolae_dithmenos_through_a_glass_darkly
D:5:      vehumet_altar_wand_db, lemuel_blue_sif_altar, serial_shops, shop,
          st_stairs_8
D:6:      lemuel_castle_with_subvaults, fedhas_altar_decomposition,
          nicolae_overflow_hidden_temple, grunt_pakellas_mercury
D:7:      gammafunk_temple_overflow_elements, minmay_temple_entry_butterflies,
          minmay_misc_feat_cross
D:8:      hangedman_cross_veins, old_standard_altar
D:11:     due_megacathedral, hangedman_fish_farm
Lair:1:   dpeg_oklob_gauntlet, uniq_gastronok
Lair:2:   portal_ice_cave_entry_imps, basic_altar, uniq_fannar
IceCv:    ice_cave_caverns_02
